 Dungeon Crawl Stone Soup version 0.25-a0-576-g50b708a4c4 (webtiles) character file.

Game seed: 3839169334991280206, levelgen mode: deterministic

2818 Grim the Zephyrmancer (level 9, 0/49 HPs)
             Began as a Tengu Air Elementalist on Mar 1, 2020.
             Was a Follower of Vehumet.
             Slain by a killer bee (2 damage)
             ... on level 8 of the Dungeon.
             The game lasted 00:35:09 (13138 turns).

Grim the Zephyrmancer (Tengu Air Elementalist)     Turns: 13138, Time: 00:35:09

Health: 0/49       AC:  2    Str: 10    XL:     9   Next: 72%
Magic:  14/14      EV: 13    Int: 17    God:    Vehumet [*.....]
Gold:   382        SH:  0    Dex: 15    Spells: 2/14 levels left

rFire    + . .     SeeInvis .   q - +0 quarterstaff
rCold    . . .     Gourm    .   (shield currently unavailable)
rNeg     . . .     Faith    .   s - +0 robe {rF+}
rPois    +         Spirit   .   (helmet restricted)
rElec    .         Reflect  .   (no cloak)
rCorr    .         Harm     .   (no gloves)
MR       .....                  (boots unavailable)
Stlth    ++........             p - amulet of magic regeneration
HPRegen  0.16/turn              e - +1 ring of slaying
MPRegen  0.39/turn              C - ring of poison resistance

@: no status effects
A: beak, talons 3, able to fly
a: Fly, Renounce Religion


You were on level 8 of the Dungeon.
You worshipped Vehumet.
Vehumet was aware of your devotion.
You were very hungry.

You visited 2 branches of the dungeon, and saw 9 of its levels.

You collected 382 gold pieces.

Inventory:

Hand Weapons
 q - a +0 quarterstaff (weapon)
Armour
 a - a +0 robe
 s - a +0 robe of fire resistance (worn)
Jewellery
 d - an uncursed ring of protection from cold
 e - a +1 ring of slaying (left hand)
 p - an amulet of magic regeneration (around neck)
 r - an uncursed amulet of rage
 C - a ring of poison resistance (right hand)
Wands
 t - a wand of iceblast (8)
 u - a wand of acid (12)
Scrolls
 b - 7 scrolls of teleportation
 h - 3 scrolls of enchant weapon
 i - 4 scrolls of remove curse
 j - 3 scrolls of enchant armour
 k - a scroll of amnesia {unknown}
 l - a scroll of random uselessness {unknown}
 m - a scroll of fear
 o - a scroll of blinking {unknown}
 w - a scroll of magic mapping {unknown}
 x - a scroll of identify
 y - 2 scrolls of immolation {unknown}
Potions
 f - a potion of curing
 g - 2 potions of might
 n - a potion of stabbing
 v - 2 potions of heal wounds {unknown}
 z - a potion of flight {unknown}
 A - a potion of lignification {unknown}
Comestibles
 c - 6 rations


   Skills:
 + Level 2.5 Fighting
   Level 1.5(3.1) Polearms
 * Level 4.2(4.3) Staves
 - Level 2.1 Dodging
 - Level 2.0 Stealth
 - Level 3.1 Spellcasting
 - Level 10.7 Conjurations
 - Level 11.2 Air Magic


You had 2 spell levels left.
You knew the following spells:

 Your Spells              Type           Power        Failure   Level  Hunger
a - Shock                 Conj/Air       ####         1%          1    None
b - Swiftness             Chrm/Air       ###.....     2%          2    ##.....
c - Airstrike             Air            #####.....   1%          4    ####...
d - Lightning Bolt        Conj/Air       #####.....   5%          5    ######.

Your spell library contained the following spells:

 Spells                   Type           Power        Failure   Level  Hunger
 Freeze                   Ice            #...         17%         1    None
 Magic Dart               Conj           ####         1%          1    None
 Searing Ray              Conj           #####.       1%          2    ##.....
 Beastly Appendage        Tmut           #.....       17%         1    None
 Corona                   Hex            #......      17%         1    None
 Ensorcelled Hibernation  Hex/Ice        #.....       26%         2    ##.....
 Sticks to Snakes         Tmut           #.......     26%         2    ##.....
 Static Discharge         Conj/Air       #####...     1%          3    ###....
 Dazzling Flash           Conj/Hex       ###...       6%          3    ###....
 Fulminant Prism          Conj/Hex       ###.......   19%         4    ####...
 Iskenderun's Mystic Bla  Conj/Tloc      ###.....     19%         4    ####...
 Confusing Touch          Hex            #.......     45%         3    ###....
 Spider Form              Tmut/Pois      #.........   45%         3    ###....
 Tukima's Dance           Hex            #.......     45%         3    ###....
 Ice Form                 Ice/Tmut       #.......     86%         4    ####...
 Blade Hands              Tmut           #.........   99%         5    ######.


Dungeon Overview and Level Annotations

Branches:
Dungeon (8/15)             Temple (1/1) D:5
   Lair: D:8-11

Altars:
Cheibriados
Fedhas
Hepliaklqana
Kikubaaqudgha
Makhleb
Okawaru
Trog
Uskayaw
Vehumet
Wu Jian
Xom
Yredelemnul
Zin
The Shining One

Shops:
D:7 =


Innate Abilities, Weirdness & Mutations

You have a beak for a mouth.
You have claws for feet.
You can fly continuously.


Message History

The killer bee stings you.
* * * LOW HITPOINT WARNING * * *
The killer bee closely misses you.
The killer bee stings you but does no damage.
Evoke which item? (* to show all) (? for menu, Esc to quit)
Aiming: Iceblast
Press: ? - help, Shift-Dir - straight line That beam is likely to hit you.
Continue anyway?
The mass of ice explodes!
The iceblast engulfs the killer bee!
The killer bee is severely wounded.
The iceblast engulfs you!
* * * LOW HITPOINT WARNING * * *
The iceblast engulfs the killer bee!
The killer bee is almost dead.
The iceblast engulfs the hound skeleton.
The hound skeleton partially resists.
The hound skeleton is lightly damaged.
You no longer feel sluggish.
The killer bee closely misses you. The killer bee stings you.
You die...

# #...............# #
#.##.#..........# #
#.##.#..........# #########
###.##............# #.......#
....##............##### #........
....###...........#...# #........
....#.............#...# #._......
....#............y#...###........
........<.......@yZ...'.'........
...........########...###........
##..)....##########...# #........
#................#Z..# #........
#####.........###.#...# #.......#
[...#.....###.# #.#.### #.......#
....#......##.# #.#.# #.......#
....#.......#.# #.#.#####.y.y...#
....#...##..#.###.......y.##....#


You could see 2 killer bees and a hound skeleton.

Vanquished Creatures
  Sigmund (D:6)
  A hippogriff (D:8)
  Edmund (D:3)
  A sky beast (D:5)
  A black bear (D:8)
  2 phantoms (D:7)
  3 ogres
  2 centaurs
  3 bullfrogs
  3 scorpions
  A killer bee (D:8)
  3 wights (D:7)
  3 crimson imps
  2 bullfrog zombies
  A jelly (D:8)
  6 hounds
  4 orc wizards (D:4)
  6 orc priests
  A bullfrog skeleton (D:8)
  A centaur skeleton (D:6)
  3 worker ants
  2 hound skeletons
  2 worker ant zombies (D:4)
  4 gnolls (D:7)
  7 adders
  3 shadow imps
  An adder zombie (D:4)
  An ooze (D:5)
  2 adder skeletons (D:4)
  A worm (D:2)
  3 dart slugs
  8 leopard geckos
  18 orcs
  A bat (D:2)
  10 giant cockroaches
  7 goblins
  7 hobgoblins
  13 jackals
  A quokka (D:6)
  2 ball pythons
  A ball python skeleton (D:4)
  3 frilled lizards
  A jackal skeleton (D:6)
  6 kobolds
  2 leopard gecko skeletons
  A leopard gecko zombie (D:4)
  A quokka skeleton (D:4)
  11 rats
168 creatures vanquished.

Vanquished Creatures (others)
  A phantom (D:6)
1 creature vanquished.

Grand Total: 169 creatures vanquished

Notes
Turn   | Place    | Note
-------+----------+-------------------------------------------
     0 | D:1      | Grim the Tengu Air Elementalist began the quest for the
                  | Orb.
     0 | D:1      | Reached XP level 1. HP: 10/10 MP: 4/4
   240 | D:1      | Reached XP level 2. HP: 15/15 MP: 3/6
   458 | D:1      | Learned a level 2 spell: Swiftness
   912 | D:1      | Reached XP level 3. HP: 19/19 MP: 4/7
  1567 | D:2      | Reached skill level 1 in Polearms
  1925 | D:2      | Reached skill level 5 in Air Magic
  2191 | D:2      | Found a shimmering altar of Xom.
  2194 | D:2      | Reached XP level 4. HP: 24/24 MP: 5/8
  2684 | D:3      | Learned a level 4 spell: Airstrike
  3094 | D:3      | Found a faded altar of an unknown god.
  3756 | D:4      | Noticed an ogre
  4232 | D:4      | Gained mutation: You can fly continuously. [Tengu growth]
  4232 | D:4      | Reached XP level 5. HP: 28/28 MP: 4/9
  4350 | D:4      | Reached skill level 6 in Air Magic
  5172 | D:4      | Reached skill level 5 in Conjurations
  5172 | D:4      | Reached XP level 6. HP: 28/32 MP: 1/10
  6997 | D:4      | Reached skill level 7 in Air Magic
  7064 | D:4      | Noticed Edmund
  7097 | D:3      | Killed Edmund
  7097 | D:3      | Reached XP level 7. HP: 36/36 MP: 0/12
  7104 | D:3      | Learned a level 5 spell: Lightning Bolt
  8060 | D:4      | Reached skill level 8 in Air Magic
  8446 | D:5      | Entered Level 5 of the Dungeon
  8594 | D:5      | Found a staircase to the Ecumenical Temple.
  8751 | Temple   | Entered the Ecumenical Temple
  8768 | Temple   | Became a worshipper of Vehumet
  8945 | D:5      | Reached XP level 8. HP: 34/41 MP: 9/13
  9487 | D:5      | Reached skill level 9 in Air Magic
  9758 | D:6      | Noticed Sigmund
  9785 | D:6      | Killed Sigmund
 10004 | D:6      | Found a glowing golden altar of the Shining One.
 10964 | D:6      | Reached skill level 10 in Air Magic
 11352 | D:7      | Reached XP level 9. HP: 45/45 MP: 4/14
 11411 | D:7      | Reached skill level 10 in Conjurations
 11536 | D:7      | Reached * piety under Vehumet
 11536 | D:7      | Offered knowledge of Freeze by Vehumet.
 11650 | D:7      | Found a hide-covered altar of Uskayaw.
 11773 | D:7      | Found a shimmering altar of Xom.
 12052 | D:7      | Reached skill level 11 in Air Magic
 12163 | D:7      | Found Dicuahue's Jewellery Boutique.
 12452 | D:8      | Reached skill level 1 in Staves
 12668 | D:8      | Reached skill level 1 in Fighting
 13093 | D:8      | Found an iron altar of Okawaru.
 13138 | D:8      | HP: 2/49 [shot self (10)]
 13138 | D:8      | Slain by a killer bee

Levels and vault maps discovered:
D:1:      lemuel_arrival_hallway, layout_loops_corners, hex_tiny,
          minmay_misc_feat_doors
D:2:      layout_basic, lemuel_crystal_altar, first_ration
D:3:      layout_basic, chequers_ecumenical_altar_twisty
D:4:      layout_cave_pools, serial_undead, serial_undead_d, serial_undead_e,
          serial_undead_e, serial_undead_a, uniq_edmund
D:5:      layout_loops_ring, minmay_temple_entry_tees
D:6:      layout_gridville, lemuel_crystal_altar, lemuel_flame_loot_1,
          uniq_sigmund
D:7:      layout_loops_ring, lemuel_coloured_pillars_altar, serial_shops,
          kennysheep_little_box, basic_altar, kennysheep_diamond
D:8:      layout_basic, overflow_temple_1_default
Temple:   eino_temple_rhombus

Skill      XL: |  1  2  3  4  5  6  7  8  9 |
---------------+----------------------------+-----
Conjurations   | 2 3 4 5 7 9 10 | 10.7
Polearms       | 1 |  1.5
Air Magic      | 5 6 7 8 10 11 | 11.2
Spellcasting   | 3 |  3.1
Staves         | 4 |  4.2
Fighting       | 2 |  2.5
Dodging        | |  2.1
Stealth        | |  2.0

Action                   |  1- 3 |  4- 6 |  7- 9 || total
-------------------------+-------+-------+-------++-------
Melee: Spear             |     9 |    20 |    20 ||    49
       Peck              |     2 |     2 |     5 ||     9
       Kick              |       |     2 |    10 ||    12
       Quarterstaff      |       |       |    17 ||    17
 Cast: Shock             |    66 |    96 |   148 ||   310
       Airstrike         |       |    13 |    48 ||    61
       Swiftness         |       |     1 |     1 ||     2
       Lightning Bolt    |       |       |    12 ||    12
Evoke: Wand              |       |       |     1 ||     1
  Use: Scroll            |       |     6 |     5 ||    11
       Potion            |       |     1 |     2 ||     3
 Stab: Sleeping          |     1 |       |       ||     1
  Eat: Chunk             |     5 |    13 |    12 ||    30
       Ration            |       |     2 |     6 ||     8
Armor: Robe              |     3 |     7 |    12 ||    22
Dodge: Dodged            |    10 |    38 |    65 ||   113

Table legend:
 A = Non-vault XP
 B = Vault XP
 C = Vault XP percentage of total XP
 D = Non-vault monster count
 E = Vault monster count
 F = Vault count percentage of total count
                 A         B        C        D         E       F
            +---------+---------+-------+---------+---------+-------
      Total |    3466 |     560 |  13.9 |     153 |      15 |   8.9
            +---------+---------+-------+---------+---------+-------
        D:1 |      43 |       0 |   0.0 |      24 |       0 |   0.0
        D:2 |      53 |       0 |   0.0 |      23 |       0 |   0.0
        D:3 |     203 |     154 |  43.1 |      27 |       1 |   3.6
        D:4 |     484 |     115 |  19.2 |      20 |      11 |  35.5
        D:5 |     427 |       0 |   0.0 |      17 |       0 |   0.0
        D:6 |     471 |     242 |  33.9 |      11 |       1 |   8.3
        D:7 |     877 |      49 |   5.3 |      18 |       2 |  10.0
        D:8 |     908 |       0 |   0.0 |      13 |       0 |   0.0
            +---------+---------+-------+---------+---------+-------
